 Dungeon Crawl Stone Soup version 0.31-a0-1291-g5386780bc2 (webtiles) character file.

Game seed: 13049981014049292183

2258306 Ge0ff the Markskobold (level 27, 180/180 HPs)
             Began as a Kobold Chaos Knight on Dec 17, 2023.
             Was a High Priest of Okawaru.
             Escaped with the Orb
             ... and 1 gem (0 intact!)
             ... and 4 runes on Dec 18, 2023!
             The game lasted 02:28:58 (74816 turns).

Ge0ff the Markskobold (Kobold Chaos Knight)        Turns: 74816, Time: 02:28:59

Health: 180/180    AC: 26    Str: 19    XL:     27
Magic:  37/37      EV: 42    Int: 17    God:    Okawaru [*****.]
Gold:   1968       SH:  0    Dex: 40    Spells: 26/26 levels left

rFire   + . .        a - +7 arbalest "Transmigrator" {drain, rPois Str+5 Int+4}
rCold   + + .        (shield currently unavailable)
rNeg    . . .        U - +1 scale mail of Tyaxkaess {rElec rC+ Dex+3}
rPois   +            i - +0 helmet "Pussus" {Rampage rPois rCorr}
rElec   +            P - +2 cloak {Will+}
rCorr   +            Q - +0 pair of fencer's gloves {Riposte Dex+3}
SInv    +            O - +2 pair of boots
Will    +++..        k - amulet of guardian spirit
Stlth   +++          A - ring "Zakadd" {Dex+5 Slay+3 SInv}
HPRegen 0.50/turn    E - ring of Fuwkien {Fly rF+ rC+ Str+4 Dex-3, =R}
MPRegen 0.25/turn

%: guardian spirit, rampage
@: flying, hasted, studying 3 skills, very quick
A: small, no large weapons, nightstalker 3, iridescent scales 1, thin skeletal
structure 1, agile 1, inability to drink after injury 1
0: Orb of Zot
}: 4/15 runes: decaying, silver, abyssal, gossamer
a: Renounce Religion, Heroism, Finesse, Duel


You escaped.
You worshipped Okawaru.
Okawaru was extremely pleased with you.
You visited 10 branches of the dungeon, and saw 48 of its levels.
You visited the Abyss 1 time.
You also visited: Bailey and Gauntlet.

You collected 8130 gold pieces.
You spent 6162 gold pieces at shops.

Inventory:

Hand Weapons
 a - the +7 arbalest "Transmigrator" (weapon) {drain, rPois Str+5 Int+4}
   (Okawaru gifted it to you on level 14 of the Dungeon)

   Str+5:     It affects your strength (+5).
   Int+4:     It affects your intelligence (+4).
   rPois:     It protects you from poison
 b - a +9 heavy hand cannon
 w - the +1 dagger of Rotation {vamp, *Slow Str+2 Dex+2 SInv}
   (You found it on level 2 of the Spider Nest)

   Str+2:     It affects your strength (+2).
   Dex+2:     It affects your dexterity (+2).
   SInv:      It lets you see invisible.
   *Slow:     It may slow you when you take damage.
 S - the +6 orcbow "Ditiadax" {flame, rN+ Str+4}
   (You found it on level 2 of the Swamp)

   Str+4:     It affects your strength (+4).
   rN+:       It protects you from negative energy.
Missiles
 c - 11 darts of dispersal
 h - 20 atropa-tipped darts
 v - 6 curare-tipped darts {=F}
 x - 14 datura-tipped darts {=F}
 G - 92 boomerangs
Armour
 e - a scarf of resistance
 i - the +0 helmet "Pussus" (worn) {Rampage rPois rCorr}
   (You bought it in a shop on level 2 of the Orcish Mines)

   rPois:     It protects you from poison rCorr: It protects you from acid and
   corrosion.
   Rampage:   It bestows one free step when moving towards enemies.
 O - a +2 pair of boots (worn)
 P - a +2 cloak of willpower (worn)
 Q - the +0 pair of fencer's gloves (worn) {Riposte Dex+3}
   (You found it in a Gauntlet)

   Riposte:   It allows the wearer to riposte with melee weapons, swiftly
   retaliating against missed or blocked melee attacks.
   Dex+3:     It affects your dexterity (+3).
 U - the +1 scale mail of Tyaxkaess (worn) {rElec rC+ Dex+3}
   (You found it on level 3 of the Elven Halls)

   Dex+3:     It affects your dexterity (+3).
   rC+:       It protects you from cold.
   rElec:     It insulates you from electricity.
Jewellery
 k - an amulet of guardian spirit (around neck)
 A - the ring "Zakadd" (left hand) {Dex+5 Slay+3 SInv}
   (You took it off a deep elf blademaster on level 3 of the Elven Halls)

   [ring of see invisible]

   Dex+5:     It affects your dexterity (+5).
   Slay+3:    It affects your accuracy & damage with ranged weapons and melee
   (+3).
   SInv:      It lets you see invisible.
 D - the ring "Alallast" {Will+ Int+3 Dex+6}
   (You found it in a Gauntlet)

   [ring of dexterity]

   Int+3:     It affects your intelligence (+3).
   Dex+6:     It affects your dexterity (+6).
   Will+:     It increases your willpower.
 E - the ring of Fuwkien (right hand) {Fly rF+ rC+ Str+4 Dex-3, =R}
   (You took it off a hell knight on level 2 of the Depths)

   [ring of flight]

   Str+4:     It affects your strength (+4).
   Dex-3:     It affects your dexterity (-3).
   rF+:       It protects you from fire.
   rC+:       It protects you from cold.
   Fly:       It grants you flight.
 Y - a ring of positive energy
 Z - a ring of protection from fire
Wands
 f - a wand of flame (46)
 j - a wand of light (46)
 p - a wand of paralysis (11)
 r - a wand of roots (19)
 s - a wand of mindburst (13)
Scrolls
 g - 3 scrolls of enchant armour
 m - 3 scrolls of revelation
 y - 8 scrolls of immolation
 B - 2 scrolls of blinking
 C - a scroll of poison
 F - 13 scrolls of fog
 J - a scroll of silence {!r}
 T - 14 scrolls of teleportation
 V - 3 scrolls of vulnerability
Potions
 o - 4 potions of ambrosia
 q - 22 potions of curing
 u - 8 potions of mutation {!q}
 z - 16 potions of brilliance
 H - 3 potions of haste {!q}
 I - a potion of invisibility
 K - a potion of magic {!q}
 L - 9 potions of lignification
 M - 14 potions of might
 N - a potion of cancellation {!q}
 R - 5 potions of resistance
 W - 9 potions of heal wounds {!q}
 X - 2 potions of enlightenment
Miscellaneous
 l - a lightning rod (4/4)
 n - a phial of floods
 t - a tin of tremorstones (inert)


   Skills:
 - Level 20.5 Fighting
 - Level 5.0 Short Blades
 - Level 20.9 Ranged Weapons
 - Level 6.0 Throwing
 - Level 20.5 Armour
 - Level 20.5 Dodging
 + Level 17.2 Stealth
 + Level 20.4 Invocations
 - Level 20.5 Evocations


You had 26 spell levels left.
You didn't know any spells.
Your spell library contained the following spells:

 Spells                   Type           Power      Damage    Failure   Level
 Kiss of Death            Conj/Necr      0%         2d5       41%         1
 Magic Dart               Conj           0%         1d3       41%         1
 Necrotise                Necr           0%         1d4       41%         1
 Sandblast                Erth           0%         2d4       41%         1
 Shock                    Conj/Air       0%         1d3       41%         1
 Sting                    Tmut/Pois      0%         1d3       41%         1
 Blink                    Tloc           0%         N/A       54%         2
 Cigotuvi's Dreadful Rot  Necr/Pois/Air  0%         N/A       54%         2
 Ensorcelled Hibernation  Hex/Ice        0%         N/A       54%         2
 Jinxbite                 Hex            0%         N/A       54%         2
 Passwall                 Tmut/Erth      0%         N/A       54%         2
 Poisonous Vapours        Pois/Air       0%         N/A       54%         2
 Scorch                   Fire           0%         2d5       54%         2
 Searing Ray              Conj           0%         2d4       54%         2
 Sublimation of Blood     Necr           0%         N/A       54%         2
 Wereblood                Tmut           0%         N/A       54%         2
 Confusing Touch          Hex            0%         N/A       78%         3
 Dazzling Flash           Conj/Hex       0%         N/A       78%         3
 Frozen Ramparts          Ice            0%         1d1       78%         3
 Hailstorm                Conj/Ice       0%         3d5       78%         3
 Inner Flame              Hex/Fire       0%         N/A       78%         3
 Mephitic Cloud           Conj/Pois/Air  0%         N/A       78%         3
 Sigil of Binding         Hex            0%         N/A       78%         3
 Stone Arrow              Conj/Erth      0%         3d7       78%         3
 Swiftness                Air            0%         N/A       78%         3
 Vampiric Draining        Necr           0%         2d6       78%         3
 Airstrike                Air            0%         2d(0-16)  99%         4
 Anguish                  Hex/Necr       0%         N/A       99%         4
 Brom's Barrelling Bould  Conj/Erth      0%         2d3       99%         4
 Dimensional Bullseye     Hex/Tloc       0%         N/A       99%         4
 Dispel Undead            Necr           0%         3d6       99%         4
 Flame Wave               Conj/Fire      0%         2d4       99%         4
 Fulminant Prism          Conj/Hex       0%         3d5       99%         4
 Leda's Liquefaction      Tmut/Erth      0%         N/A       99%         4
 Manifold Assault         Tloc           0%         N/A       99%         4
 Olgreb's Toxic Radiance  Pois           0%         N/A       99%         4
 Petrify                  Tmut/Erth      0%         N/A       99%         4
 Sticky Flame             Conj/Fire      0%         2d3       99%         4
 Vhi's Electric Charge    Tloc/Air       0%         N/A       99%         4
 Agony                    Necr           0%         N/A       100%        5
 Alistair's Intoxication  Tmut/Pois      0%         N/A       100%        5
 Arcjolt                  Conj/Air       0%         1d10      100%        5
 Borgnjor's Vile Clutch   Necr/Erth      0%         N/A       100%        5
 Irradiate                Conj/Tmut      0%         3d11      100%        5
 Lee's Rapid Deconstruct  Erth           0%         3d4*      100%        5
 Silence                  Hex/Air        0%         N/A       100%        5
 Bombard                  Conj/Erth      0%         9d1       100%        6
 Conjure Ball Lightning   Conj/Air       0%         3x3d6     100%        6
 Eringya's Noxious Bog    Tmut/Pois      0%         4d6       100%        6
 Plasma Beam              Fire/Air       0%         2x1d10    100%        6
 Enfeeble                 Hex            0%         N/A       100%        7
 Ozocubu's Refrigeration  Ice            0%         4d7       100%        7
 Borgnjor's Revivificati  Necr           0%         N/A       100%        8
 Maxwell's Capacitive Co  Air            0%         ∞         100%        8
 Chain Lightning          Conj/Air       0%         N/A       100%        9
 Death's Door             Necr           0%         N/A       100%        9
 Call Canine Familiar     Summ           Unusable   N/A       N/A         3
 Summon Ice Beast         Ice/Summ       Unusable   N/A       N/A         4
 Summon Lightning Spire   Summ/Air       Unusable   N/A       N/A         4
 Simulacrum               Ice/Necr       Unusable   N/A       N/A         6
 Summon Cactus Giant      Summ           Unusable   N/A       N/A         6
 Haunt                    Necr/Summ      Unusable   N/A       N/A         7
 Spellforged Servitor     Conj/Summ      Unusable   N/A       N/A         7

Dungeon Overview and Level Annotations

Branches:
Dungeon (15/15)            Temple (1/1) D:4            Lair (5/5) D:10
  Swamp (4/4) Lair:2       Spider (4/4) Lair:3        Slime (0/5) Lair:5
    Orc (2/2) D:11            Elf (3/3) Orc:2        Vaults (5/5) D:13
  Crypt (0/3) Vaults:3     Depths (4/4) D:15            Zot (5/5) Depths:4
 Bailey (visited)         Gauntlet (visited)

Altars:
Ashenzari
Cheibriados
Dithmenos
Elyvilon
Fedhas
Gozag
Hepliaklqana
Kikubaaqudgha
Makhleb
Nemelex Xobeh
Okawaru
Qazlal
Ru
Sif Muna
Trog
Uskayaw
Vehumet
Wu Jian
Xom
Yredelemnul
Zin
The Shining One
Lugonu

Shops:
D:4 [?[   D:6 !   D:7 [   D:8 :   D:11 ?:(   D:13 ?   Orc:2 ![[:   Elf:1 [
Elf:3 ?   Vaults:2 [   Vaults:4 ?   Depths:2 =   Depths:3 :=:   Depths:4 (

Portals:
Hell: Depths:1 Depths:2 Depths:3 Depths:4
Abyss: Depths:3 Depths:4
Pandemonium: Depths:1 Depths:2
Ziggurat: Depths:3

Annotations:
Zot:5 2 transporters


Innate Abilities, Weirdness & Mutations

You are small and have problems with some larger weapons.
You are completely attuned to the shadows.
You are partially covered in iridescent scales. (AC +2)
You have a somewhat thin skeletal structure. (Dex +2, Stealth+)
You are agile. (Dex +4, Str/Int -1)
You occasionally lose the ability to drink potions when taking damage.


Message History

There is a stone staircase leading down here.
Things that are here:
a +0 spear; a +0 whip
There is an open door here.
A hell beast comes into view.
You feel yourself speed up.
You shoot a bolt.
The bolt completely misses the hell beast.
You shoot a bolt. The bolt hits the hell beast!!
The hell beast is moderately wounded.
The hell beast completely misses you. x2
You shoot a bolt. The bolt barely misses the hell beast.
The hell beast completely misses you. x2
You shoot a bolt. The bolt hits the hell beast!!
The hell beast is severely wounded.
The hell beast bites you but does no damage.
The hell beast tramples you but does no damage.
You shoot a bolt. The bolt hits the hell beast!
The hell beast is almost dead.
The hell beast completely misses you. The hell beast closely misses you.
You shoot a bolt. The bolt hits the hell beast!!
You kill the hell beast!
Okawaru accepts your kill.
You reach down and open the door.
HP restored.
There is an open door here.
There is a stone staircase leading up here.
You fly upwards.
There is a stone staircase leading down here.
Your extra speed is starting to run out.
You feel yourself slow down.
There is a stone staircase leading up here.
You fly upwards.
There is a stone staircase leading down here.
A red devil comes into view. It is wielding a +0 demon trident.
You shoot a bolt. The bolt hits the red devil!!!
You kill the red devil!
Okawaru accepts your kill.
You feel yourself speed up.
An iron imp comes into view.
You shoot a bolt. The bolt hits the iron imp!
The iron imp is almost dead.
You shoot a bolt. The bolt hits the iron imp!
You kill the iron imp!
Okawaru accepts your kill.
There is a stone staircase leading up here.
You fly upwards.
There is a stone staircase leading down here.
There is a staircase leading out of the dungeon here.
You have escaped!

#.....####.............####
#.#.#.# #..................
#.####################.####
#......................####
#.######......######...#...
#......................####
#.##..##......##..##...#
#......................#
##########@>###############
##...#.......# #.....
#############..#...#.###.#
#.####
....†.....##..#..#.#..#..# #.#
.#.#.#.#.....##.##.##.#.## #.#
....†....##.##..##.##.#.####.#
.#.#.#.#.......###..#.#.#....#
................###.#.#.#.#..#
.#.#.#.#....#.#.#
#.#.#.#.##.## #


There were no monsters in sight!

Vanquished Creatures
  Frederick (Depths:4)
  A dread lich (Vaults:5)
  An ancient lich (Vaults:5)
  Mara (Depths:2)
  A Killer Klown (Zot:2)
  Margery (Vaults:4)
  Saint Roka (Vaults:4)
  2 curse toes (Zot:4)
  8 caustic shrikes (Depths:4)
  6 golden dragons
  Nikola (Depths:2)
  Arachne (Spider:2)
  A Brimstone Fiend (Zot:2)
  14 tentacled monstrosities
  Rupert (Lair:3)
  A hellephant (Vaults:4)
  3 liches
  An Ice Fiend (D:11)
  3 quicksilver dragons
  3 deep elf master archers (Elf:3)
  2 titans (Vaults:5)
  2 deep elf blademasters
  5 sphinxes
  9 death cobs
  2 thorn hunters (Swamp:4)
  An Executioner (Abyss:3)
  5 shadow dragons
  7 tengu reavers
  8 storm dragons
  A fenstrider witch (Swamp:3)
  Aizul (Vaults:4)
  15 vault wardens
  4 draconian monks
  A draconian knight (Zot:3)
  A draconian shifter (Zot:3)
  10 frost giants
  11 fire giants
  3 draconian scorchers
  3 emperor scorpions (Spider:4)
  4 spectral caustic shrikes (Depths:1)
  10 deep elf sorcerers
  5 deep elf elementalists (Elf:3)
  2 iron dragons
  3 cacodemons
  2 orc warlords (Orc:2)
  2 angels (Depths:3)
  5 ghost moths
  20 ironbound preservers
  2 draconian stormcallers
  A war gargoyle (Vaults:3)
  A reaper (Depths:2)
  A spriggan defender (Depths:2)
  3 formless jellyfish
  22 stone giants
  17 very ugly things
  2 draconian annihilators (Zot:4)
  2 broodmothers (Spider:2)
  12 ironbound thunderhulks
  2 vampire knights
  6 deep elf demonologists
  7 green draconians
  Azrael (Spider:3)
  4 red draconians
  9 deep elf annihilators
  11 deep elf death magi
  2 black draconians
  4 eleionomae
  3 starcursed masses (Abyss:3)
  4 white draconians
  6 yellow draconians
  7 dire elephants
  9 spark wasps
  A minotaur (Gauntlet)
  4 purple draconians
  4 bunyips
  A crystal guardian (Vaults:3)
  Snorg (D:12)
  Josephine (D:15)
  11 fire dragons
  The ghost of kal9871 the Zephyrmancer, a journeyman DEAE of Vehumet (D:10)
  13 ettins
  2 jiangshi (Depths:2)
  An entropy weaver (shapeshifter) (Elf:1)
  2 entropy weavers
  4 rakshasas
  4 deep elf high priests
  22 hydras
  3 jorogumos
  15 yaktaur captains
  Fannar (D:11)
  37 vault guards
  6 ice dragons
  5 alligators
  5 great orbs of eyes
  2 hell beasts
  A catoblepas (Lair:5)
  A ghost crab (Gauntlet)
  A peacekeeper (Vaults:3)
  11 ironbound frosthearts
  A spriggan air mage (Depths:3)
  A radroach (Spider:2)
  2 ogre magi
  Erica (D:8)
  7 boulder beetles
  The ghost of paps the Covert, a journeyman OpSh of Gozag (Arena)
  23 centaur warriors
  31 dancing weapons
  20 death yaks
  16 two-headed ogres
  8 orc high priests
  5 deep troll shamans (Depths:2)
  A vampire mage (Depths:2)
  6 deep troll earth magi
  3 tengu warriors
  A two-headed ogre (shapeshifter) (Vaults:3)
  A spriggan berserker (Depths:4)
  5 demonic crawlers
  Urug (D:10)
  3 sun demons
  21 hell knights
  3 wretched stars (Abyss:3)
  Sonja (Lair:2)
  2 soul eaters
  22 deep elf knights
  2 skysharks
  4 iron trolls
  9 goliath frogs
  19 large abominations (Abyss:3)
  3 sixfirhies
  3 skeletal warriors (D:13)
  A sun moth (Spider:2)
  5 pharaoh ants
  2 tengu zombies
  13 swamp dragons
  4 bog bodies
  13 deep elf archers
  39 deep trolls
  A shadow wraith (Vaults:5)
  3 steelbarb worms
  A steelbarb worm (shapeshifter) (Vaults:5)
  3 flayed ghosts
  7 orb spiders (Spider:4)
  2 phantasmal warriors (Vaults:5)
  3 spriggan druids
  21 ironbound convokers
  A deep troll (shapeshifter) (Vaults:5)
  6 glowing orange brains
  22 deep elf pyromancers
  8 arcanists
  7 harpies
  20 deep elf zephyrmancers
  Pikel (D:8)
  7 lindwurms
  2 shining eyes (Abyss:3)
  10 necromancers
  A human zombie (Vaults:4)
  24 ugly things
  A faun (shapeshifter) (Elf:1)
  A mana viper (shapeshifter) (Elf:1)
  8 orc knights
  2 will-o-the-wisps
  Maurice (D:8)
  A stone giant zombie (Vaults:1)
  6 cyclopes
  5 orc sorcerers
  14 moths of wrath
  25 wolf spiders
  4 manticores
  An iron dragon skeleton (Depths:3)
  A worldbinder (Abyss:3)
  A stone giant skeleton (Vaults:4)
  15 elephants
  21 vault sentinels
  7 black mambas
  A human skeleton (Vaults:1)
  A storm dragon simulacrum (Depths:3)
  2 smoke demons
  A torpor snail (shapeshifter) (Vaults:5)
  3 torpor snails
  A kobold demonologist (D:10)
  2 orange demons (Depths:4)
  11 cane toads
  An unseen horror (D:11)
  13 komodo dragons
  4 rime drakes
  2 efreet
  A minotaur zombie (Gauntlet)
  22 yaktaurs
  Psyche (D:8)
  3 tengu conjurers
  3 freezing wraiths
  4 ancient zymes (Abyss:3)
  A golden dragon simulacrum (Depths:3)
  2 red devils
  9 trolls
  2 polar bears (Lair:5)
  13 tyrant leeches
  4 meliai
  2 polar bears (shapeshifter)
  6 hornets
  A bloated husk (Swamp:1)
  Prince Ribbit (Bailey)
  A tengu simulacrum (Depths:3)
  12 tarantellas
  14 blink frogs
  2 glass eyes
  33 slime creatures
  A dream sheep (shapeshifter) (Elf:1)
  11 dream sheep
  17 jumping spiders
  An air elemental (Elf:1)
  A centaur simulacrum (D:15)
  5 spriggans
  9 water elementals
  A culicivora (shapeshifter) (Vaults:5)
  An elf zombie (Vaults:1)
  A spriggan (shapeshifter) (Elf:1)
  8 shadows
  19 culicivoras
  4 flying skulls
  5 humans (Bailey)
  8 wyverns
  7 wraiths
  33 yaks
  A hog (shapeshifter) (D:13)
  5 fire elementals
  4 golden eyes (Abyss:3)
  34 redbacks
  2 neqoxecs (Abyss:3)
  4 vampire mosquitoes
  6 wargs
  3 acid dragons
  11 swamp worms
  16 water moccasins
  A hell hound (Spider:3)
  An ogre skeleton (Vaults:1)
  A black bear (Lair:5)
  A sky beast (D:7)
  54 orc warriors
  2 ice beasts
  7 swamp drakes
  23 ogres
  19 small abominations (Abyss:3)
  12 wolves
  9 centaurs
  A lemure (D:8)
  5 kobold brigands
  3 phantoms
  Blork the orc (D:5)
  22 bullfrogs
  3 earth elementals
  A scorpion (shapeshifter) (Elf:2)
  9 wights (D:8)
  8 killer bees
  7 electric eels
  A howler monkey (D:12)
  A jelly (D:6)
  3 hounds (D:4)
  32 orc priests
  2 gnoll boudas
  A sleepcap (D:6)
  Jessica (D:2)
  An iguana (D:7)
  Terence (D:2)
  An iguana (shapeshifter) (Vaults:3)
  An iron imp (D:2)
  37 orc wizards
  27 gnolls
  14 adders
  A shadow imp (D:8)
  A white imp (D:8)
  3 dart slugs
  141 orcs
  3 endoplasms
  4 giant cockroaches
  6 goblins
  5 hobgoblins
  19 jackals
  5 quokkas
  11 ball pythons
  12 bats
  18 kobolds
  6 rats
2006 creatures vanquished.

Vanquished Creatures (others)
  A draconian stormcaller (Depths:4)
  An ice dragon (Depths:4)
  A deep elf zephyrmancer (Elf:2)
  An ugly thing (D:15)
4 creatures vanquished.

Grand Total: 2010 creatures vanquished

Notes
Turn   | Place    | Note
-------+----------+-------------------------------------------
     0 | D:1      | Ge0ff the Kobold Chaos Knight began the quest for the Orb.
     0 | D:1      | Reached XP level 1. HP: 14/14 MP: 1/1
   134 | D:1      | Reached XP level 2. HP: 19/19 MP: 2/2
   137 | D:1      | Reached skill level 1 in Stealth
   143 | D:1      | Reached skill level 1 in Ranged Weapons
   600 | D:1      | Reached XP level 3. HP: 23/23 MP: 3/3
   972 | D:2      | XOM: butterfly on damage
   975 | D:2      | Reached XP level 4. HP: 22/29 MP: 4/4
  1105 | D:2      | XOM: noise
  1136 | D:2      | XOM: divination: detect items
  1229 | D:2      | Found an iron altar of Okawaru.
  1265 | D:2      | Fell from the grace of Xom
  1265 | D:2      | Became a worshipper of Warmaster Okawaru
  1296 | D:2      | Reached skill level 5 in Short Blades
  1308 | D:2      | Noticed Terence
  1342 | D:2      | Killed Terence
  1343 | D:2      | Reached XP level 5. HP: 25/33 MP: 5/5
  1431 | D:2      | Noticed Jessica
  1436 | D:2      | Killed Jessica
  2341 | D:3      | XOM: cloud trail
  2448 | D:3      | Found Koummiru's Magic Scroll Shoppe.
  2455 | D:3      | Bought a scroll of identify for 20 gold pieces
  2455 | D:3      | Bought a scroll of identify for 20 gold pieces
  2455 | D:3      | Bought 2 scrolls of teleportation for 60 gold pieces
  2455 | D:3      | Bought a scroll of fear for 40 gold pieces
  2586 | D:3      | Reached XP level 6. HP: 37/38 MP: 6/6
  2593 | D:3      | Found a shadowy altar of Dithmenos.
  2726 | D:3      | Found a basalt altar of Yredelemnul.
  2765 | D:4      | Noticed an ogre
  2765 | D:4      | Found Zakur's Antique Armour Emporium.
  2765 | D:4      | Found Uschyan's Magic Scroll Emporium.
  2766 | D:4      | Found Reckaim's Antique Armour Emporium.
  2813 | D:4      | Killed an ogre
  2813 | D:4      | Reached * piety under Okawaru
  2966 | D:4      | Bought a scroll of noise for 11 gold pieces
  3011 | D:4      | Found a staircase to the Ecumenical Temple.
  3017 | Temple   | Entered the Ecumenical Temple
  3447 | D:4      | Reached skill level 1 in Armour
  3491 | D:4      | XOM: draining
  3741 | D:4      | Reached XP level 7. HP: 27/41 MP: 7/7
  3908 | D:4      | Reached skill level 1 in Invocations
  4414 | D:4      | Bought a scroll of identify for 22 gold pieces
  4414 | D:4      | Bought a scroll of teleportation for 33 gold pieces
  4633 | D:4      | Reached ** piety under Okawaru
  4634 | D:4      | Reached XP level 8. HP: 48/48 MP: 10/10
  4729 | D:4      | XOM: give mutations
  4729 | D:4      | Gained mutation: You are dopey. (Int -2) [Xom's mischief]
  4729 | D:4      | Gained mutation: You are strong-willed. (Will+) [Xom's
                  | mischief]
  4729 | D:4      | Gained mutation: You are weak. (Str -2) [Xom's mischief]
  5511 | D:4      | Found Reckaim's Antique Armour Emporium.
  5514 | D:4      | Found Uschyan's Magic Scroll Emporium.
  5520 | D:4      | Found Zakur's Antique Armour Emporium.
  5555 | D:4      | Found a staircase to the Ecumenical Temple.
  6207 | D:4      | XOM: give mutations
  6207 | D:4      | Lost mutation: You are dopey. (Int -2) [Xom's mischief]
  6207 | D:4      | Gained mutation: You occasionally shout uncontrollably at
                  | your foes. [Xom's mischief]
  6207 | D:4      | Gained mutation: Your system is resistant to poisons.
                  | (rPois) [Xom's mischief]
  6207 | D:4      | Gained mutation: Armour fits poorly on your strangely
                  | shaped body. [Xom's mischief]
  6632 | D:5      | Entered Level 5 of the Dungeon
  6975 | D:5      | Reached skill level 5 in Fighting
  6975 | D:5      | Reached skill level 10 in Ranged Weapons
  7280 | D:4      | XOM: summons 1 hostile demon
  7496 | D:5      | Reached XP level 9. HP: 37/55 MP: 11/11
  7590 | D:5      | Noticed Blork the orc
  7605 | D:5      | Killed Blork the orc
  7876 | D:5      | XOM: give mutations
  7876 | D:5      | Gained mutation: Your health recovers twice as slowly from
                  | being drained. [Xom's mischief]
  7876 | D:5      | Lost mutation: You occasionally shout uncontrollably at
                  | your foes. [Xom's mischief]
  7876 | D:5      | Gained mutation: Your body sometimes deteriorates upon
                  | taking damage. [Xom's mischief]
  7876 | D:5      | Lost mutation: You are strong-willed. (Will+) [Xom's
                  | mischief]
  8122 | D:4      | Bought an embroidered cloak for 150 gold pieces
  8616 | D:6      | XOM: god gift: 542 gold pieces
  8725 | D:3      | Bought a scroll of revelation for 75 gold pieces
  8725 | D:3      | Bought a scroll of teleportation for 30 gold pieces
  8725 | D:3      | Bought a scroll of brand weapon for 95 gold pieces
  8853 | D:4      | Bought a spiked robe for 131 gold pieces
  8853 | D:4      | Identified the +3 robe of the Lusting Gods {rCorr Str-3
                  | Dex+5 Stlth+} (You bought it in a shop on level 4 of the
                  | Dungeon)
  8964 | D:4      | Bought a scroll of revelation for 82 gold pieces
  8964 | D:4      | Bought a scroll of poison for 44 gold pieces
  8964 | D:4      | Bought a scroll of poison for 44 gold pieces
  9140 | D:6      | Reached *** piety under Okawaru
  9360 | D:6      | Found the +1 Delatra's gloves {ID++}
  9917 | D:6      | Found Mapuewko's Distillery.
  9950 | D:6      | Bought a potion of enlightenment for 60 gold pieces
 10115 | D:6      | XOM: noise
 10576 | D:6      | Found Mapuewko's Distillery.
 10781 | D:6      | XOM: give mutation
 10781 | D:6      | Gained mutation: Your magical capacity is low. (-10% MP)
                  | [Xom's mischief]
 10931 | D:6      | XOM: give mutations
 10931 | D:6      | Gained mutation: You are very weak. (Str -4) [Xom's
                  | mischief]
 10931 | D:6      | Lost mutation: You are very weak. (Str -4) [Xom's mischief]
 10931 | D:6      | Gained mutation: You sometimes lose your temper in combat.
                  | [Xom's mischief]
 11521 | D:7      | Reached XP level 10. HP: 65/65 MP: 11/11
 11646 | D:7      | Found a white marble altar of Elyvilon.
 11660 | D:7      | Found an ornate altar of the Wu Jian Council.
 11747 | D:7      | Noticed a manticore
 11758 | D:7      | Killed a manticore
 12077 | D:7      | Found Fyeca's Antique Armour Emporium.
 12256 | D:8      | XOM: 6-stop teleportation journey
 12369 | D:8      | XOM: noise
 12471 | D:8      | Noticed Pikel
 12486 | D:8      | Killed Pikel
 12502 | D:8      | XOM: noise
 12588 | D:8      | Noticed Maurice
 12593 | D:8      | Killed Maurice
 12594 | D:8      | Reached skill level 10 in Fighting
 12645 | D:8      | Reached **** piety under Okawaru
 12665 | D:8      | XOM: silly message
 12739 | D:8      | Found an iron altar of Okawaru.
 12817 | D:8      | Found a glowing golden altar of the Shining One.
 12821 | D:8      | Found a hide-covered altar of Uskayaw.
 12825 | D:8      | Found a burning altar of Makhleb.
 12828 | D:8      | Found a bloodstained altar of Trog.
 12831 | D:8      | Found a radiant altar of Vehumet.
 12869 | D:8      | Found Raed's Tremendous Tomes.
 13004 | D:8      | Noticed Psyche
 13009 | D:8      | Killed Psyche
 13010 | D:8      | Reached skill level 15 in Ranged Weapons
 13146 | D:8      | Noticed Erica
 13149 | D:8      | Killed Erica
 13150 | D:8      | Reached XP level 11. HP: 67/72 MP: 9/11
 13200 | D:8      | Noticed a two-headed ogre
 13204 | D:8      | Killed a two-headed ogre
 13259 | D:8      | Identified the +0 leather armour "Luuss" {rElec SInv}
 13358 | D:8      | XOM: enchant monster (bad)
 13914 | D:9      | Found a flagged portal.
 13920 | Bailey   | Entered a bailey
 14053 | Bailey   | Reached skill level 5 in Invocations
 14149 | Bailey   | Noticed Prince Ribbit
 14150 | Bailey   | Noticed a vault guard
 14152 | Bailey   | XOM: enchant monster (bad)
 14152 | Bailey   | Was forgiven by Xom
 14155 | Bailey   | Killed a vault guard
 14155 | Bailey   | Reached ***** piety under Okawaru
 14156 | Bailey   | Reached skill level 5 in Evocations
 14157 | Bailey   | Killed Prince Ribbit
 14187 | Bailey   | Noticed a vault guard
 14211 | Bailey   | Killed a vault guard
 14471 | D:9      | Noticed a two-headed ogre
 14478 | D:9      | Killed a two-headed ogre
 14532 | D:6      | Bought a potion of mutation for 96 gold pieces
 14532 | D:6      | Lost mutation: You are weak. (Str -2) [potion of mutation]
 14532 | D:6      | Lost mutation: Your body sometimes deteriorates upon taking
                  | damage. [potion of mutation]
 14532 | D:6      | Gained mutation: You are weak. (Str -2) [potion of
                  | mutation]
 14532 | D:6      | Lost mutation: You sometimes lose your temper in combat.
                  | [potion of mutation]
 14533 | D:6      | Lost mutation: Your system is resistant to poisons. (rPois)
                  | [potion of mutation]
 14533 | D:6      | Lost mutation: You are weak. (Str -2) [potion of mutation]
 14533 | D:6      | Lost mutation: Armour fits poorly on your strangely shaped
                  | body. [potion of mutation]
 14533 | D:6      | Gained mutation: You are partially covered in iridescent
                  | scales. (AC +2) [potion of mutation]
 14533 | D:6      | Gained mutation: Your body sometimes deteriorates upon
                  | taking damage. [potion of mutation]
 14534 | D:6      | Lost mutation: Your magical capacity is low. (-10% MP)
                  | [potion of mutation]
 14534 | D:6      | Lost mutation: Your health recovers twice as slowly from
                  | being drained. [potion of mutation]
 14534 | D:6      | Gained mutation: You have hidden genetic potential. [potion
                  | of mutation]
 14598 | D:9      | Found an ancient bone altar of Kikubaaqudgha.
 14768 | D:9      | Identified the ring of Wisdom {Ice *Slow Dex+2 Slay+5
                  | Stlth+}
 14842 | D:9      | Reached skill level 1 in Throwing
 14842 | D:9      | Reached XP level 12. HP: 75/77 MP: 14/17
 15143 | D:9      | Found an opulent altar of Gozag.
 15151 | D:9      | Identified the +5 falchion of the Stopping Gods {vamp, rF+
                  | rN+++ MP+9 Dex-5}
 15207 | D:9      | Found a shimmering blue altar of Sif Muna.
 15277 | D:9      | Noticed a two-headed ogre
 15302 | D:9      | Killed a two-headed ogre
 15707 | D:10     | Entered Level 10 of the Dungeon
 15750 | D:10     | Noticed Urug
 15755 | D:10     | Killed Urug
 15755 | D:10     | Received a gift from Okawaru
 15972 | D:10     | Reached skill level 5 in Stealth
 16156 | D:10     | Found a runed translucent gate.
 16156 | D:10     | Found a runed translucent gate.
 16156 | D:10     | Found a runed translucent gate.
 16365 | D:10     | Noticed paps's ghost (journeyman OpSh)
 16365 | D:10     | Noticed kal9871's ghost (journeyman DEAE)
 16371 | Arena    | Entered the Arena
 16374 | Arena    | Killed paps's ghost
 16739 | D:10     | Noticed a two-headed ogre
 16745 | D:10     | Killed a two-headed ogre
 16746 | D:10     | Reached skill level 5 in Dodging
 16886 | D:10     | Found a staircase to the Lair.
 17101 | D:11     | You fall into a shaft and drop 3 floors!
 17132 | D:14     | Found a gate leading to a gauntlet.
 17141 | Gauntlet | Entered a Gauntlet
 17147 | Gauntlet | Found a transporter.
 17158 | Gauntlet | Noticed a death scarab
 17187 | Gauntlet | Noticed a cacodemon
 17197 | Gauntlet | Found a transporter.
 17213 | Gauntlet | Noticed a glowing orange brain
 17242 | Gauntlet | Found a transporter.
 17242 | Gauntlet | Found a transporter.
 17256 | Gauntlet | Found a transporter.
 17306 | Gauntlet | Found a transporter.
 17327 | Gauntlet | Noticed a ghost crab
 17328 | Gauntlet | Found a transporter.
 17328 | Gauntlet | Found a transporter.
 17338 | Gauntlet | Found a transporter.
 17338 | Gauntlet | Found a transporter.
 17356 | Gauntlet | Found a transporter.
 17356 | Gauntlet | Found a transporter.
 17480 | Gauntlet | Identified the ring "Alallast" {Will+ Int+3 Dex+6}
 17504 | Gauntlet | Killed a ghost crab
 17586 | Gauntlet | Killed a glowing orange brain
 17709 | Gauntlet | Found the +0 pair of fencer's gloves {Riposte Dex+3}
 17712 | Gauntlet | Noticed a minotaur
 17723 | Gauntlet | Killed a minotaur
 17739 | Gauntlet | Received a gift from Okawaru
 17740 | Gauntlet | Reached XP level 13. HP: 57/84 MP: 18/18
 17971 | D:12     | Noticed an ogre mage
 17976 | D:12     | Killed an ogre mage
 18013 | D:12     | Reached skill level 5 in Throwing
 18115 | D:12     | Noticed Snorg
 18118 | D:12     | Killed Snorg
 18378 | D:11     | Found Egu Enae's Magic Scroll Shoppe.
 18425 | D:11     | Received a gift from Okawaru
 18440 | D:11     | Gained mutation: Your muscles are strong. (Str +4, Int/Dex
                  | -1) [hidden potential]
 18610 | D:11     | Found Umpast's Antique Weapon Shop.
 18833 | D:11     | Noticed Fannar
 18843 | D:11     | Killed Fannar
 18989 | D:11     | Found a staircase to the Orcish Mines.
 19092 | D:11     | Found Sorurolema's Book Boutique.
 19858 | D:13     | Noticed a centaur warrior
 19861 | D:13     | Killed a centaur warrior
 19894 | D:13     | Reached skill level 10 in Evocations
 19929 | D:13     | Reached ****** piety under Okawaru
 19940 | D:13     | Found Cinaoki's Magic Scroll Boutique.
 20058 | D:13     | Received a gift from Okawaru
 20059 | D:13     | Reached XP level 14. HP: 92/92 MP: 20/20
 20623 | Orc:1    | Entered Level 1 of the Orcish Mines
 20896 | Orc:1    | Found a radiant altar of Vehumet.
 21377 | D:11     | Bought a scroll of acquirement for 572 gold pieces
 21377 | D:11     | Acquired 396 gold pieces
 21415 | D:13     | Reached skill level 10 in Invocations
 21438 | D:13     | Gained mutation: You have an increased reservoir of magic.
                  | (+10% MP) [hidden potential]
 21438 | D:13     | Lost mutation: You have hidden genetic potential. [hidden
                  | potential expressed]
 21631 | D:13     | Acquired the +1 pair of gloves of the Buccaneer {*Slow
                  | rPois Will+}
 21631 | D:13     | Received a gift from Okawaru
 21842 | D:13     | Found a gate to the Vaults.
 22062 | D:13     | Found a gate to the Vaults.
 22368 | D:13     | Found Cinaoki's Magic Scroll Boutique.
 22965 | D:14     | Received a gift from Okawaru
 23360 | D:14     | Acquired the +7 arbalest "Transmigrator" {drain, rPois
                  | Str+5 Int+4}
 23360 | D:14     | Received a gift from Okawaru
 23426 | D:15     | Entered Level 15 of the Dungeon
 23520 | D:15     | Got the Handbook of the Generative Tundra
 23547 | D:15     | Noticed a fire giant
 24117 | D:10     | Killed kal9871's ghost
 24191 | Lair:1   | Entered Level 1 of the Lair of Beasts
 24421 | Lair:1   | Received a gift from Okawaru
 24425 | Lair:1   | Reached XP level 15. HP: 98/100 MP: 25/25
 24612 | Lair:1   | Got More Theurgy
 25405 | Lair:2   | Noticed Sonja
 25411 | Lair:2   | Killed Sonja
 25661 | Lair:2   | Received a gift from Okawaru
 26052 | Lair:2   | Found a staircase to the Swamp.
 26622 | Lair:3   | Received a gift from Okawaru
 27014 | Lair:3   | Found a hole to the Spider Nest.
 27061 | Lair:3   | Acquired a manual of Dodging
 27274 | Lair:3   | Reached skill level 15 in Fighting
 27376 | Lair:3   | Noticed Rupert
 27380 | Lair:3   | Killed Rupert
 27380 | Lair:3   | Received a gift from Okawaru
 27633 | Lair:4   | Reached XP level 16. HP: 108/108 MP: 27/27
 27903 | Lair:4   | Received a gift from Okawaru
 28752 | Lair:5   | Entered Level 5 of the Lair of Beasts
 28778 | Lair:5   | Reached skill level 10 in Dodging
 28934 | Lair:5   | Found a staircase to the Slime Pits.
 29271 | Lair:5   | Received a gift from Okawaru
 30489 | Lair:5   | Found a staircase to the Slime Pits.
 31324 | Orc:2    | Entered Level 2 of the Orcish Mines
 31759 | Orc:2    | Identified the +0 scale mail of Greed {-Cast Str+6}
 31963 | Orc:2    | Found Musaryadyg's Armour Emporium.
 31971 | Orc:2    | Bought the +0 helmet "Pussus" {Rampage rPois rCorr} for 340
                  | gold pieces
 32242 | Orc:2    | Received a gift from Okawaru
 32475 | Orc:2    | Found Peh Gemi's Book Boutique.
 32700 | Orc:2    | Found Bampor's Distillery.
 32714 | Orc:2    | Reached XP level 17. HP: 106/116 MP: 29/29
 32721 | Orc:2    | Got a glittering gem
 32811 | Orc:2    | Bought 2 potions of heal wounds for 160 gold pieces
 32818 | Orc:2    | Found Jasuzxob's Antique Armour Shop.
 33141 | Orc:2    | Found a staircase to the Elven Halls.
 33194 | Orc:2    | Received a gift from Okawaru
 33205 | Orc:2    | Got Pyiw's Omnibus of the Damned and Detritus
 33658 | D:15     | Found a staircase to the Depths.
 33877 | D:15     | Noticed Josephine
 33882 | D:15     | Killed Josephine
 34426 | Spider:1 | Entered Level 1 of the Spider Nest
 34623 | Spider:1 | Received a gift from Okawaru
 36594 | Spider:2 | Identified the +1 dagger of Rotation {vamp, *Slow Str+2
                  | Dex+2 SInv}
 37038 | Spider:2 | Noticed Arachne
 37047 | Spider:2 | Killed Arachne
 37047 | Spider:2 | Received a gift from Okawaru
 37987 | Spider:3 | Reached skill level 15 in Dodging
 38273 | Spider:3 | Reached XP level 18. HP: 126/126 MP: 30/30
 38328 | Spider:3 | Noticed Azrael
 38341 | Spider:3 | Killed Azrael
 38442 | Spider:4 | Entered Level 4 of the Spider Nest
 38595 | Spider:4 | Received a gift from Okawaru
 38859 | Spider:4 | Identified the orb "Laxtirghu" {mayhem, rC+}
 38864 | Spider:4 | Reached skill level 5 in Armour
 39610 | Spider:4 | Upgraded the game from 0.31-a0-1272-g9f703e4c1d to
                  | 0.31-a0-1291-g5386780bc2
 39761 | Spider:4 | Got a gossamer rune of Zot
 40311 | Swamp:1  | Entered Level 1 of the Swamp
 40432 | Swamp:1  | Received a gift from Okawaru
 40593 | Arena    | Entered the Arena
 41496 | Swamp:2  | Reached XP level 19. HP: 135/135 MP: 31/31
 41529 | Swamp:2  | Identified the +6 orcbow "Ditiadax" {flame, rN+ Str+4}
 41552 | Swamp:2  | Got Sif Muna's Encyclopedia of Clouds
 41814 | Swamp:3  | Received a gift from Okawaru
 42316 | Swamp:4  | Entered Level 4 of the Swamp
 42414 | Swamp:4  | Received a gift from Okawaru
 42556 | Swamp:4  | Identified the +0 leather armour of the Alphagorgon {Harm
                  | rF+ Will-}
 42680 | Swamp:4  | Got a decaying rune of Zot
 43254 | D:7      | Bought a glowing helmet for 217 gold pieces
 43256 | D:7      | Bought a shimmering scarf for 290 gold pieces
 43256 | D:7      | Identified the scarf of a ziggurat {shadows, rC+} (You
                  | bought it in a shop on level 7 of the Dungeon)
 43256 | D:7      | Bought a translucent scale mail for 261 gold pieces
 43256 | D:7      | Identified the +6 scale mail of Baydd {Harm *Slow rN++
                  | Regen+} (You bought it in a shop on level 7 of the Dungeon)
 43505 | Elf:1    | Entered Level 1 of the Elven Halls
 43508 | Elf:1    | Found Jenal's Antique Armour Emporium.
 43513 | Elf:1    | Received a gift from Okawaru
 43768 | Elf:1    | Identified the +7 hand axe of the Fray {drain, rPois Dex-5
                  | SInv}
 44014 | Elf:1    | Got the Quarto of Harmful Beguiling
 44977 | Elf:2    | Found a runed translucent gate.
 44978 | Elf:2    | Found a runed translucent gate.
 44978 | Elf:2    | Found a runed translucent gate.
 45308 | Elf:2    | Reached XP level 20. HP: 141/142 MP: 33/33
 45426 | Elf:2    | Received a gift from Okawaru
 45483 | Elf:2    | Found an ancient bone altar of Kikubaaqudgha.
 45924 | Elf:2    | Found Ikoucwoy's Assorted Antiques.
 46216 | Elf:2    | Received a gift from Okawaru
 47613 | Elf:2    | Found an ancient bone altar of Kikubaaqudgha.
 48168 | Elf:3    | Entered Level 3 of the Elven Halls
 48385 | Elf:3    | Found Ciphog Toqe's Magic Scroll Emporium.
 48388 | Elf:3    | Bought a scroll of immolation for 52 gold pieces
 48388 | Elf:3    | Bought a scroll of teleportation for 39 gold pieces
 48388 | Elf:3    | Bought a scroll of teleportation for 39 gold pieces
 48388 | Elf:3    | Bought a scroll of teleportation for 39 gold pieces
 48459 | Elf:3    | Reached skill level 15 in Invocations
 48927 | Elf:3    | Received a gift from Okawaru
 48965 | Abyss:3  | Cast into level 3 of the Abyss (a deep elf sorcerer)
 49037 | Abyss:3  | Found a corrupted altar of Lugonu.
 49039 | Abyss:3  | Found a corrupted altar of Lugonu.
 49155 | Abyss:3  | Reached skill level 15 in Evocations
 49195 | Abyss:3  | Received a gift from Okawaru
 49248 | Abyss:3  | Reached XP level 21. HP: 138/147 MP: 35/35
 49278 | Abyss:3  | Gained mutation: You occasionally lose the ability to drink
                  | potions when taking damage. [a shining eye]
 49297 | Abyss:3  | Got an abyssal rune of Zot
 49309 | Elf:3    | Escaped the Abyss
 49718 | Elf:3    | Identified the ring "Zakadd" {Dex+5 Slay+3 SInv}
 49978 | Elf:3    | Found Ciphog Toqe's Magic Scroll Emporium.
 50809 | Elf:3    | Received a gift from Okawaru
 51041 | Elf:3    | Identified the +1 war axe "Uvadeuha" {freeze, Fly Str+2
                  | SInv}
 51067 | Elf:3    | Got Fiptes's Parchment of Fascination and Exhalation
 51208 | Elf:3    | Identified the +4 plate armour of Darghyf {rF- Regen+ Str-4
                  | Stlth+}
 51216 | Elf:3    | Identified the +1 war axe "Fuhue" {flame, *Corrode +Blink
                  | MP+9 Str+2}
 51223 | Elf:3    | Identified the +3 falchion "Wuschaoss" {vamp, Dex+3}
 51392 | Elf:3    | Identified the +1 scale mail of Tyaxkaess {rElec rC+ Dex+3}
 51814 | Vaults:1 | Entered Level 1 of the Vaults
 52391 | Vaults:1 | Received a gift from Okawaru
 52393 | Vaults:1 | Reached skill level 10 in Armour
 52903 | Vaults:1 | Reached XP level 22. HP: 153/153 MP: 37/37
 53425 | Vaults:1 | Received a gift from Okawaru
 53802 | Vaults:1 | Identified the +3 trident of Exuppit {spect, *Corrode rPois
                  | rN+ Dex+4}
 55318 | Elf:3    | Bought a scroll of enchant weapon for 97 gold pieces
 55625 | Vaults:2 | Found Naomep's Armour Emporium.
 56186 | Vaults:2 | Received a gift from Okawaru
 57376 | Vaults:3 | You fall into a shaft and drop 1 floor!
 57411 | Vaults:4 | Noticed Saint Roka
 57419 | Vaults:4 | Killed Saint Roka
 57637 | Vaults:4 | Received a gift from Okawaru
 57704 | Vaults:4 | Identified the serpent talisman of Lilacs {rC- rN+ Int+4
                  | Dex+3}
 57704 | Vaults:4 | Noticed Aizul
 57714 | Vaults:4 | Killed Aizul
 57902 | Vaults:4 | Reached XP level 23. HP: 158/158 MP: 39/39
 58015 | Vaults:3 | Received a gift from Okawaru
 58827 | Vaults:3 | Reached skill level 15 in Armour
 58904 | Vaults:3 | Found a staircase to the Crypt.
 58915 | Vaults:3 | Received a gift from Okawaru
 60178 | Vaults:4 | Received a gift from Okawaru
 60434 | Vaults:4 | Found Zyzxitt's Magic Scroll Shoppe.
 60439 | Vaults:4 | Bought a scroll of blinking for 112 gold pieces
 60439 | Vaults:4 | Bought a scroll of blinking for 112 gold pieces
 60439 | Vaults:4 | Bought a scroll of vulnerability for 60 gold pieces
 60439 | Vaults:4 | Bought 3 scrolls of teleportation for 135 gold pieces
 60439 | Vaults:4 | Bought a scroll of fog for 60 gold pieces
 60499 | Vaults:4 | Noticed Margery
 60538 | Vaults:4 | Killed Margery
 61010 | Depths:1 | Entered Level 1 of the Depths
 61164 | Depths:1 | Reached XP level 24. HP: 149/164 MP: 39/39
 61479 | Depths:1 | Found a gateway to Hell.
 61677 | Depths:1 | Found a one-way gate leading to the halls of Pandemonium.
 62176 | Depths:2 | Found Agahoeg's Jewellery Boutique.
 62188 | Depths:2 | Received a gift from Okawaru
 62234 | Depths:2 | Noticed Mara
 62243 | Depths:2 | Noticed Ge0ff's illusion
 62253 | Depths:2 | Killed Mara
 62741 | Depths:2 | Noticed Nikola
 62748 | Depths:2 | Killed Nikola
 62768 | Depths:2 | Identified the +9 scimitar of the Apocalypse {flame, Will-
                  | Int+8 SInv}
 63000 | Depths:2 | Got the Reference Book on Doomed Metamorphosis
 63003 | Depths:2 | Identified the ring "Wih Ystraf" {rC+ EV+5}
 63216 | Depths:2 | Identified the ring of Fuwkien {Fly rF+ rC+ Str+4 Dex-3}
 63321 | Depths:2 | You are sucked into a shaft and drop 2 floors!
 63321 | Depths:4 | Entered Level 4 of the Depths
 63342 | Depths:4 | Noticed Frederick
 63349 | Depths:4 | Killed Frederick
 63518 | Depths:2 | Received a gift from Okawaru
 64150 | Depths:3 | Found a one-way gateway to a ziggurat.
 64269 | Depths:3 | Found a shimmering blue altar of Sif Muna.
 64426 | Depths:3 | Identified the +4 orcbow "Dimaotok" {freeze, Dex+4 Stlth+}
 64454 | Depths:3 | Found Yleadin's Book Shop.
 64454 | Depths:3 | Found Nuniliump's Book Shop.
 64455 | Depths:3 | Found Efugukhy's Jewellery Shoppe.
 64463 | Depths:3 | Bought a manual of Armour for 1040 gold pieces
 65131 | Depths:3 | Found a corrupted altar of Lugonu.
 65131 | Depths:3 | Found a one-way gate to the infinite horrors of the Abyss.
 65343 | Depths:3 | Found a one-way gateway to a ziggurat.
 65659 | Depths:3 | Found Yleadin's Book Shop.
 65659 | Depths:3 | Found Nuniliump's Book Shop.
 65660 | Depths:3 | Found Efugukhy's Jewellery Shoppe.
 65978 | Depths:3 | Found a shimmering blue altar of Sif Muna.
 66048 | Depths:3 | Found a corrupted altar of Lugonu.
 66048 | Depths:3 | Found a one-way gate to the infinite horrors of the Abyss.
 66288 | Depths:3 | Reached XP level 25. HP: 161/167 MP: 38/39
 66427 | Depths:4 | Noticed a caustic shrike
 66427 | Depths:4 | Noticed a caustic shrike
 66427 | Depths:4 | Noticed a caustic shrike
 66432 | Depths:4 | Noticed a caustic shrike
 66435 | Depths:4 | Noticed a caustic shrike
 66435 | Depths:4 | Killed a caustic shrike
 66438 | Depths:4 | Killed a caustic shrike
 66438 | Depths:4 | Killed a caustic shrike
 66439 | Depths:4 | Killed a caustic shrike
 66442 | Depths:4 | Killed a caustic shrike
 66800 | Depths:4 | Received a gift from Okawaru
 67118 | Depths:4 | Found a gate to the Realm of Zot.
 67134 | Depths:4 | Reached skill level 10 in Stealth
 67354 | Depths:4 | Noticed a caustic shrike
 67616 | Depths:4 | Noticed a caustic shrike
 67617 | Depths:4 | Noticed a caustic shrike
 67626 | Depths:4 | Killed a caustic shrike
 67629 | Depths:4 | Killed a caustic shrike
 67908 | Depths:4 | Found a shadowy altar of Dithmenos.
 67971 | Depths:4 | Found Kokhimio's Weapon Shoppe.
 68030 | Depths:4 | Killed a caustic shrike
 68532 | Vaults:4 | You are sucked into a shaft and drop 1 floor!
 68532 | Vaults:5 | Entered Level 5 of the Vaults
 68723 | Vaults:5 | Noticed an ancient lich
 69690 | Vaults:5 | Reached XP level 26. HP: 162/175 MP: 35/39
 69749 | Vaults:5 | Noticed a dread lich
 70752 | Vaults:5 | Received a gift from Okawaru
 70803 | Vaults:5 | Killed an ancient lich
 70864 | Vaults:5 | Killed a dread lich
 71495 | Vaults:5 | Identified the +7 trident of the Vine {flame, *Noise Str+5}
 71674 | Vaults:5 | Got a silver rune of Zot
 71723 | Vaults:5 | Identified the +0 scale mail "Baeco" {Regen+ MP+9 Str+4
                  | SInv}
 71862 | Vaults:5 | Got the Vellum of Anaesthesia
 72245 | D:13     | Bought a scroll of identify for 28 gold pieces
 72245 | D:13     | Bought a scroll of fear for 56 gold pieces
 72245 | D:13     | Bought a scroll of identify for 28 gold pieces
 72245 | D:13     | Bought a scroll of identify for 28 gold pieces
 72245 | D:13     | Bought a scroll of blinking for 105 gold pieces
 72245 | D:13     | Bought a scroll of enchant armour for 105 gold pieces
 72245 | D:13     | Bought a scroll of identify for 28 gold pieces
 72292 | D:11     | Bought a scroll of blinking for 82 gold pieces
 72292 | D:11     | Bought a scroll of revelation for 82 gold pieces
 72292 | D:11     | Bought a scroll of enchant armour for 82 gold pieces
 72292 | D:11     | Bought a scroll of enchant armour for 82 gold pieces
 72292 | D:11     | Bought a scroll of teleportation for 33 gold pieces
 72292 | D:11     | Bought a scroll of teleportation for 33 gold pieces
 72451 | D:6      | Bought a potion of curing for 36 gold pieces
 72451 | D:6      | Bought a potion of resistance for 120 gold pieces
 72451 | D:6      | Bought a potion of brilliance for 48 gold pieces
 72451 | D:6      | Bought a potion of curing for 36 gold pieces
 72711 | Orc:2    | Bought a potion of mutation for 128 gold pieces
 72711 | Orc:2    | Bought a potion of curing for 48 gold pieces
 72711 | Orc:2    | Bought a potion of enlightenment for 80 gold pieces
 72711 | Orc:2    | Bought a potion of curing for 48 gold pieces
 72711 | Orc:2    | Bought a potion of haste for 160 gold pieces
 72711 | Orc:2    | Bought a potion of curing for 48 gold pieces
 72989 | Zot:1    | Entered Level 1 of the Realm of Zot
 73097 | Zot:2    | Noticed a Killer Klown
 73108 | Zot:2    | Killed a Killer Klown
 73364 | Zot:3    | Received a gift from Okawaru
 73379 | Zot:3    | Reached skill level 15 in Stealth
 73716 | Zot:4    | Reached XP level 27. HP: 123/180 MP: 30/40
 74052 | Zot:4    | Received a gift from Okawaru
 74080 | Zot:5    | Entered Level 5 of the Realm of Zot
 74084 | Zot:5    | Found a transporter.
 74094 | Zot:5    | Found a transporter.
 74113 | Zot:5    | Noticed a dread lich
 74117 | Zot:5    | Noticed a Killer Klown
 74117 | Zot:5    | Noticed an orb of fire
 74117 | Zot:5    | Lost mutation: You have an increased reservoir of magic.
                  | (+10% MP) [an orb of fire]
 74117 | Zot:5    | Noticed a Killer Klown
 74118 | Zot:5    | Noticed an orb of fire
 74118 | Zot:5    | Noticed an ancient lich
 74118 | Zot:5    | Noticed an orb of fire
 74118 | Zot:5    | Gained mutation: Your spells are a little easier to cast,
                  | but a little less powerful. [an orb of fire]
 74119 | Zot:5    | Noticed a Killer Klown
 74119 | Zot:5    | Gained mutation: Your magical capacity is low. (-10% MP)
                  | [an orb of fire]
 74128 | Zot:5    | Got the Orb of Zot
 74496 | D:11     | Lost mutation: Your magical capacity is low. (-10% MP)
                  | [potion of mutation]
 74496 | D:11     | Lost mutation: Your body sometimes deteriorates upon taking
                  | damage. [potion of mutation]
 74496 | D:11     | Lost mutation: Your muscles are strong. (Str +4, Int/Dex
                  | -1) [potion of mutation]
 74496 | D:11     | Gained mutation: You have a somewhat thin skeletal
                  | structure. (Dex +2, Stealth+) [potion of mutation]
 74496 | D:11     | Gained mutation: You are agile. (Dex +4, Str/Int -1)
                  | [potion of mutation]
 74496 | D:11     | Lost mutation: Your spells are a little easier to cast, but
                  | a little less powerful. [potion of mutation]
 74562 | D:10     | Noticed Tefres the pandemonium lord
 74636 | D:7      | Noticed Cuefi the pandemonium lord
 74816 | D:$      | Escaped with the Orb!

Illustrated notes

Levels and vault maps discovered:
D:1:      dpeg_arrival_line_fractal, layout_rooms, serial_co_window_serial,
          co_window_paths_a, co_window_paths_b, co_window_paths_a,
          co_window_paths_b, co_window_paths_b, co_window_broadway_a,
          co_window_unsneaky_path_c, co_window_broadway_b, co_window_corner_cb,
          co_window_paths_d, glass_columns_a, glass_columns_c, glass_columns_a,
          glass_columns_a, glass_columns_a
D:2:      layout_rooms, serial_forest, infiniplex_forest_straight_3,
          infiniplex_forest_clump_C, infiniplex_forest_end_3,
          infiniplex_forest_clump_tiny, infiniplex_forest_corner_1,
          infiniplex_forest_lined_2, infiniplex_forest_straight_3,
          infiniplex_forest_end_1, infiniplex_forest_lined_room_2, basic_altar,
          uniq_terence, uniq_jessica
D:3:      layout_rooms, yredelemnul_altar_generic, marbit_many_paths,
          serial_curves, eino_curves_02, eino_curves_04, serial_shops,
          nicolae_shop_advertising_works [nicolae_subvault_shop_adworks],
          nrook_mini_backslash, nicolae_the_louvre
D:4:      lemuel_castle_with_subvaults [lemuel_castle_interior_original],
          layout_loops_corners, minmay_temple_entry_wispy,
          minmay_misc_feat_cross, solitary_fountain,
          nicolae_shop_distant_corner_stores
D:5:      layout_basic, uniq_blork_the_orc
D:6:      layout_basic, serial_shops, nicolae_shop_industrial_runoff,
          pf_guarded_unrand_delatra
D:7:      layout_basic, mainiacjoe_overflow_alcove_2, overflow_temple_1_default,
          serial_shops, shop
D:8:      layout_basic, nicolae_overflow_hallway_of_the_gods,
          serial_co_window_serial, co_window_of_opportunity_a,
          co_window_corner_a, co_window_paths_a, co_window_of_opportunity_a,
          co_window_corner_a, co_window_corner_b, co_window_cross_4,
          co_window_2corner, co_window_paths_c, co_window_4corner_b,
          glass_columns_a, glass_columns_c, kennysheep_crisscross,
          kennysheep_nub, minmay_misc_feat_five, nicolae_shop_i_like_big_books,
          uniq_pikel, uniq_psyche, uniq_maurice, uniq_erica
D:9:      minmay_recursive_quarters, layout_loops_ring, kiku_gazebo_pond_becter,
          nicolae_overflow_crystal_walls, amcnicky_altar_gilded, enter_bailey_2
D:10:     layout_stronghold, lair_entry_dummy, gammafunk_ghost_cemetery,
          uniq_urug
D:11:     layout_basic, erik_orc_3, serial_shops, nicolae_shop_hallway_plus,
          nicolae_shop_tiny_real_fake_doors, nicolae_shop_crystal, uniq_fannar
D:12:     layout_long_grid, uniq_snorg
D:13:     layout_rooms, david_vaults_1, serial_shops, shop,
          minmay_misc_feat_alley
D:14:     layout_basic, chequers_serial_rivers_large_a, gauntlet_entry_generic,
          minivault_25, drop_trap, kennysheep_small_circle
D:15:     hellmonk_depths_entry_around_the_bend, layout_rooms, uniq_josephine
Temple:   compressed_dpeg_triangle_lava_temple
Lair:1:   layout_small_grid, nicolae_quartered_pool_little
Lair:2:   layout_chaotic_city, palyth_hydra_swamp_entry, serial_bayou,
          serial_bayou_lagoon_b, serial_bayou_crossing, serial_bayou_pond_d,
          serial_bayou_shore_b, grunt_forest_large_clearings, uniq_sonja
Lair:3:   layout_gridlike, nicolae_spider_entry_tight_spaces,
          hellmonk_talismancer, uniq_rupert
Lair:4:   layout_roguey, cheibrodos_lair_reptile_den
Lair:5:   grunt_lair_end_beastmaster, layout_gridlike, slime_entry_1,
          wad_woods_road_03
Swamp:1:  layout_falls_marsh, nicolae_swamp_fairy_circle, swamp_pool_1_2,
          infiniplex_staircase_pool
Swamp:2:  layout_basic_swamp, evilmike_swamp_ruin_house_6
Swamp:3:  layout_falls_marsh, evilmike_swamp_ruin_house_4, swamp_pool_5,
          grunt_witch_cave, nicolae_swamp_tree_isthmus
Swamp:4:  swamp_alternative, layout_basic_swamp, swamp_pool_1_2
Spider:1: layout_spider_delve
Spider:2: layout_chambers, nicolae_spider_cling_halls, uniq_arachne
Spider:3: layout_spider_delve, hangedman_spider_tarantella_strand, uniq_azrael
Spider:4: johnstein_spider_rune_arachne_lair
Orc:1:    layout_diamond_mine, basic_altar, library_closet
Orc:2:    pubby_orc_utopia
Elf:1:    layout_onion_city, serial_shops, shop, nicolae_elf_shapeshifter_party
Elf:2:    nicolae_elf_blades_crystal_corner, layout_onion_city, basic_altar,
          serial_shops, shop
Elf:3:    minmay_elf_hall_four_x, layout_loops_corners, serial_shops,
          nicolae_shop_rolled_up
Vaults:1: v_rooms_4, vaults_room_semicircle, nicolae_vaults_storage_room_glass,
          nicolae_vaults_weapon_check, vaults_dpeg_emergency_exit,
          nicolae_vaults_display_case, ontoclasm_vaults_ring_small,
          nicolae_vaults_little_squares_1, vaults_mumra_minichess,
          vaults_standard_mumra_lines, nicolae_vaults_heart-shaped_vault,
          vaults_dpeg_ring, layout_vaults_quadrants
Vaults:2: v_alt_pattern_2, v_misc_28, vaults_dpeg_doors, ontoclasm_vaults_chip,
          nicolae_vaults_spaceships, ontoclasm_vaults_spin,
          nicolae_vaults_heart-shaped_vault, nicolae_vaults_tetromino_L_2,
          ontoclasm_vaults_ligature, vaults_mumra_bighexcomb,
          layout_vaults_omnicross, serial_shops, nicolae_shop_hallway_plus
Vaults:3: nicolae_vaults_trapezoid_lopsided_3, v_misc_18, st_star,
          minmay_crypt_entry_simple_round, nicolae_vaults_little_squares_5,
          nicolae_vaults_house_3, vaults_room_door_hall,
          nicolae_vaults_layer_cake_slice, v_misc_12, nicolae_vaults_six-pack,
          nicolae_vaults_little_squares_2, v_misc_4, vaults_room_grid,
          v_misc_33, v_misc_13, nicolae_vaults_trapezoid_2,
          ontoclasm_vaults_bender, nicolae_vaults_two_Ls, layout_vaults_omnibox
Vaults:4: vaults_room_grunt_arrival_checkpoint, dpeg_vaults_monster_row,
          v_pattern_2, vaults_room_boxed, nicolae_vaults_circle_grid_a,
          v_misc_1, v_misc_29, vaults_dpeg_encased_lava, nicolae_vaults_theta,
          ontoclasm_vaults_loading_screen, layout_vaults_ring, serial_shops,
          shop, uniq_margery, uniq_saint_roka, uniq_aizul
Vaults:5: serial_shops
Depths:1: layout_basic, pan_entry, serial_bayou_pond_c, pf_hell_entry_tar_river,
          hangedman_decor_peaks_small, kennysheep_dice
Depths:2: minmay_the_grid_octo_2x2 [minmay_the_grid_octo_focus,
          minmay_the_grid_octo_fat_diamond, minmay_the_grid_octo_pinwheel,
          minmay_the_grid_octo_prize_ultimate_mussel_roller], layout_cave_pools,
          serial_shops, nicolae_shop_tiny_glass, rand_demon_pan_entry_4,
          hell_entry, uniq_mara, uniq_nikola
Depths:3: minmay_inside_and_out, layout_gridville, enter_ziggurat_f, hell_entry,
          abyss_entry_flame_altar, led_sif_pool, minmay_staircase_statues,
          minmay_shop_grove
Depths:4: grunt_crosshair, layout_gridlike, hell_entry, serial_shops,
          nicolae_shop_back_alley_shop, abyss_entry, grunt_dithmenos_smoke,
          grunt_megastairs_1, uniq_frederick
Zot:1:    layout_basic, ebering_ghost_reflecting_pool
Zot:2:    layout_misc_corridors, st_stairs_6, st_small_dragon_hoard_1
Zot:3:    kennysheep_oblong_rooms, layout_onion_interference
Zot:4:    layout_onion, bh_zot_ikea_curve, st_stairs_2
Zot:5:    layout_concentric_octagons, serial_nicolae_subway,
          nicolae_sub_station_crystal, nicolae_sub_station_metal,
          nicolae_sub_station_stone

Skill      XL: |  1  2  3  4  5  6  7  8  9 10 11 12 13 14 15 16 17 18 19 20 21 22 23 24 25 26 27 |
---------------+----------------------------------------------------------------------------------+-----
Stealth        | 1 2 3 6 7 11 15 17 | 17.2
Ranged Weapons | 1 2 3 4 6 8 10 12 15 16 17 18 19 20 | 20.9
Fighting       | 4 6 8 10 12 13 15 16 18 20 | 20.5
Short Blades   | 5 |  5.0
Armour         | 1 2 3 4 6 7 8 10 13 16 19 20 | 20.5
Dodging        | 3 5 7 9 12 15 17 18 19 20 | 20.5
Invocations    | 3 7 9 11 12 14 15 16 17 18 19 20 | 20.4
Evocations     | 7 8 10 11 12 13 15 16 17 18 20 | 20.5
Throwing       | 1 4 6 |  6.0

Action                     |  1- 3 |  4- 6 |  7- 9 | 10-12 | 13-15 | 16-18 | 19-21 | 22-24 | 25-27 || total
---------------------------+-------+-------+-------+-------+-------+-------+-------+-------+-------++-------
  Melee: Short sword       |    67 |    62 |       |    85 |       |       |       |       |       ||   214
         Punch             |     1 |     3 |    10 |    11 |       |       |       |       |       ||    25
         Dagger            |       |   324 |   514 |   290 |       |       |       |       |       ||  1128
         Falchion          |       |       |     5 |       |       |       |       |       |       ||     5
   Fire: Orcbow            |       |       |       |   102 |   324 |       |       |       |       ||   426
         Arbalest          |       |       |       |       |   292 |  1061 |   973 |  1264 |  1052 ||  4642
  Throw: Stone             |       |    10 |    27 |     9 |       |       |       |       |       ||    46
         Dart              |       |       |     1 |     3 |       |       |       |       |     1 ||     5
         Throwing net      |       |       |       |     3 |       |       |       |       |     3 ||     6
 Invoke: Heroism           |       |       |     3 |    19 |       |     3 |     2 |     4 |     5 ||    36
         Duel              |       |       |       |     1 |       |     1 |       |       |       ||     2
         Finesse           |       |       |       |       |     3 |     7 |     7 |    20 |    13 ||    50
         Receive Weapon    |       |       |       |       |     1 |       |       |       |       ||     1
         Receive Armour    |       |       |       |       |     1 |       |       |       |       ||     1
  Evoke: Wand              |       |       |       |    13 |       |     1 |     6 |     4 |    40 ||    64
         Tin of tremorston |       |       |       |       |     5 |     4 |     8 |     4 |     6 ||    27
         Lightning rod     |       |       |       |       |     2 |       |    10 |     7 |     4 ||    23
         Phial of floods   |       |       |       |       |       |       |       |     2 |       ||     2
    Use: Scroll            |       |     1 |    13 |    10 |    15 |     8 |     7 |    14 |    26 ||    94
         Potion            |       |       |     1 |     4 |       |     2 |     1 |     1 |    19 ||    28
   Stab: Sleeping          |    10 |    18 |    14 |    25 |       |       |       |       |       ||    67
         Paralysed         |     1 |       |       |     9 |       |       |       |       |       ||    10
         Confused          |       |     1 |       |       |       |       |       |       |       ||     1
         Distracted        |       |     1 |       |     2 |       |       |       |       |       ||     3
         Held in net/web   |       |       |       |     2 |       |       |       |       |       ||     2
 Armour: Leather armour    |    14 |    81 |   143 |     7 |       |    86 |   110 |       |       ||   441
         Robe              |       |       |    52 |   132 |   102 |    66 |       |       |       ||   352
         Scale mail        |       |       |       |       |       |       |    53 |   218 |   281 ||   552
  Dodge: Dodged            |    50 |   123 |   279 |   256 |   205 |   651 |   639 |   797 |   798 ||  3798

Table legend: (Time is in decaauts)
 A = Elapsed time spent in this place.
 B = Non-inter-level travel time spent in this place.
 C = Inter-level travel time spent in this place.
 D = Time resting spent in this place.
 E = Time spent auto-exploring this place.
 F = Levels seen in this place.
 G = Mean time per level.
                   A        B        C        D        E       F      G
               +--------+--------+--------+--------+--------+-----+--------+
         Total |  74395 |  66263 |   8132 |   4788 |  48120 |  53 | 1403.7 |
       Dungeon |  24507 |  20812 |   3695 |    625 |  16222 |  15 | 1633.8 |
        Temple |      1 |      1 |      0 |      0 |      0 |   1 |    1.0 |
          Lair |   7719 |   6972 |    747 |    194 |   5794 |   5 | 1543.8 |
         Swamp |   3112 |   2782 |    330 |     50 |   2075 |   4 |  778.0 |
   Spider Nest |   5501 |   5268 |    233 |    667 |   3807 |   4 | 1375.2 |
  Orcish Mines |   3534 |   2719 |    815 |     23 |   2003 |   2 | 1767.0 |
   Elven Halls |   8159 |   7488 |    671 |    547 |   5966 |   3 | 2719.7 |
        Vaults |  11572 |  10515 |   1057 |   1701 |   6324 |   5 | 2314.4 |
        Depths |   7537 |   7007 |    530 |    363 |   5301 |   4 | 1884.2 |
           Zot |   1223 |   1173 |     50 |    452 |      0 |   5 |  244.6 |
         Abyss |    264 |    264 |      0 |      0 |      0 |   1 |  264.0 |
        Bailey |    535 |    535 |      0 |    164 |    162 |   1 |  535.0 |
      Gauntlet |    696 |    696 |      0 |      0 |    451 |   1 |  696.0 |
         Arena |     28 |     28 |      0 |      0 |     12 |   2 |   14.0 |
               +--------+--------+--------+--------+--------+-----+--------+

Top non-repeatable levels by time:
     D:4: 4258 daAuts
   Elf:2: 3657 daAuts
Vaults:5: 3477 daAuts
   Elf:3: 2888 daAuts
Vaults:1: 2854 daAuts
     D:6: 2550 daAuts
Depths:3: 2432 daAuts
   Orc:2: 2384 daAuts
  Lair:5: 2377 daAuts
Vaults:2: 2015 daAuts
    D:10: 1926 daAuts
Depths:4: 1881 daAuts
    D:13: 1865 daAuts
Depths:2: 1820 daAuts
     D:8: 1762 daAuts
